 Dungeon Crawl Stone Soup version 0.26-a0-658-gbdda728c12 (webtiles) character file.

Game seed: 4861423239037667257

759 jiml777 the Grasshopper (level 7, -2/56 HPs)
             Began as a Gnoll Warper on Oct 4, 2020.
             Was an Initiate of Gozag.
             Slain by a sky beast (6 damage)
             ... on level 5 of the Dungeon.
             The game lasted 00:20:03 (4891 turns).

jiml777 the Grasshopper (Gnoll Warper)              Turns: 4891, Time: 00:20:05

Health: -2/56      AC: 14    Str: 13    XL:     7   Next: 80%
Magic:  15/15      EV: 13    Int: 23    God:    Gozag
Gold:   172        SH:  0    Dex: 15    Spells: 12/17 levels left

rFire    + . .     SeeInvis .   u - +3 flail
rCold    . . .     Faith    .   (no shield)
rNeg     . . .     Spirit   .   L - +1 ring mail {rF+}
rPois    .         Reflect  .   (no helmet)
rElec    .         Harm     .   h - +0 cloak
rCorr    .         Rampage  .   r - +0 pair of gloves
MR       .....                  o - +0 pair of boots
Stlth    ++........             (no amulet)
HPRegen  0.18/turn              v - +6 ring of intelligence
MPRegen  0.14/turn              A - +4 ring of protection

@: very slightly contaminated, invisible
A: distributed training, fangs 1, strong nose
a: Potion Petition, Call Merchant, Bribe Branch, Renounce Religion


You were on level 5 of the Dungeon.
You worshipped Gozag.
Gozag was aware of your devotion.
You visited 2 branches of the dungeon, and saw 6 of its levels.

You collected 210 gold pieces.
You paid 38 gold pieces to Gozag.

Inventory:

Hand Weapons
 a - a +0 hand axe
 m - a +0 whip of draining
 u - a +3 flail (weapon)
 y - a +0 hunting sling
Missiles
 e - 5 boomerangs of dispersal (quivered)
 k - 2 javelins
 q - 25 bolts
 s - 4 silver javelins
 B - 14 sling bullets
 F - 12 arrows
 H - 17 poisoned darts
Armour
 h - a +0 cloak (worn)
 o - a +0 pair of boots (worn)
 r - a +0 pair of gloves (worn)
 t - a +0 plate armour of magic resistance
 L - a +1 ring mail of fire resistance (worn)
Jewellery
 v - a +6 ring of intelligence (left hand)
 A - a +4 ring of protection (right hand)
 D - an uncursed ring of resist corrosion
 I - a +4 ring of protection
Scrolls
 b - a scroll of enchant armour {unknown}
 d - a scroll of blinking
 j - a scroll of remove curse
 l - a scroll of amnesia
 p - a scroll of teleportation
 w - a scroll of immolation {unknown}
 C - a scroll of enchant weapon {unknown}
 J - a scroll of random uselessness {unknown}
Potions
 f - a potion of magic
 g - a potion of flight
 i - 2 potions of curing
 n - a potion of haste
 x - a potion of stabbing
 z - a potion of mutation
 E - a potion of resistance {unknown}
 G - a potion of cancellation {unknown}
 K - a potion of invisibility


   Skills:
 + Level 5.3 Fighting
 + Level 2.7 Short Blades
 + Level 2.7 Long Blades
 + Level 5.3 Axes
 + Level 2.7 Maces & Flails
 + Level 2.7 Polearms
 + Level 2.7 Staves
 + Level 2.7 Slings
 + Level 2.7 Bows
 + Level 2.7 Crossbows
 + Level 3.8 Throwing
 + Level 3.8 Armour
 + Level 5.3 Dodging
 + Level 2.7 Stealth
 + Level 2.7 Shields
 + Level 2.7 Unarmed Combat
 + Level 5.7 Spellcasting
 + Level 2.2 Conjurations
 + Level 2.2 Hexes
 + Level 2.2 Summonings
 + Level 2.2 Necromancy
 + Level 5.9 Translocations
 + Level 2.2 Transmutations
 + Level 2.2 Fire Magic
 + Level 2.2 Ice Magic
 + Level 2.2 Air Magic
 + Level 2.2 Earth Magic
 + Level 2.2 Poison Magic
 + Level 3.0 Invocations
 + Level 2.7 Evocations


You had 12 spell levels left.
You knew the following spells:

 Your Spells              Type           Power        Failure   Level
a - Blink                 Tloc           N/A          2%          2
b - Teleport Other        Tloc           ####....     4%          3

Your spell library contained the following spells:

 Spells                   Type           Power        Failure   Level
 Gell's Gravitas          Tloc           ####......   4%          3
 Lesser Beckoning         Tloc           ####......   4%          3
 Corona                   Hex            ###....      8%          1
 Ensorcelled Hibernation  Hex/Ice        ###...       11%         2
 Passage of Golubria      Tloc           N/A          16%         4
 Confusing Touch          Hex            ###.....     22%         3
 Dazzling Flash           Conj/Hex       ###...       22%         3
 Tukima's Dance           Hex            ###.....     22%         3


Dungeon Overview and Level Annotations

Branches:
Dungeon (5/15)             Temple (1/1) D:4

Altars:
Cheibriados
Elyvilon
Gozag
Kikubaaqudgha
Makhleb
Okawaru
Qazlal
Ru
Vehumet
Xom
Zin


Innate Abilities, Weirdness & Mutations

Your experience applies equally to all skills.
You have very sharp teeth.
Your uncanny sense of smell can sniff out nearby items.


Message History

You are very lightly contaminated with residual magic.
You miss something. Your bite misses something. The gnoll misses you.
Something hits you but does no damage.
You barely miss something. You bite something. The gnoll closely misses you.
Something hits you but does no damage.
You barely miss something. You bite something.
Something hits you but does no damage. x2
You barely miss something. Something hits you.
* * * LOW HITPOINT WARNING * * *
Something shocks you.
* * * LOW HITPOINT WARNING * * *
You hit something. Something barely misses you.
You hit something. Your bite misses something.
A sky beast appears from thin air!
Reactivating autopickup.
The sky beast closely misses you. The sky beast hits you.
* * * LOW HITPOINT WARNING * * *
The sky beast shocks you.
You die...
Your body crumbles into a pile of gold.

. #..........##
#..........#
..######.#.###
......##...#
#)...###### . ..
###........ ..
....###..#######.#
.........#####...#
...####..$gY@..#
...$....########
.....#..#
........#
.⌠.⌠.#..#
........#
.....#..# ._.....#


You could see a sky beast and a gnoll.

Vanquished Creatures
  Sigmund (D:2)
  2 ogres
  A howler monkey (D:4)
  3 hounds (D:4)
  A worker ant (D:4)
  11 gnolls
  3 adders
  6 oozes
  2 worms (D:4)
  3 dart slugs
  6 leopard geckos
  8 orcs (D:4)
  6 giant cockroaches
  9 goblins
  7 hobgoblins
  10 jackals
  A quokka (D:2)
  7 bats
  9 frilled lizards
  7 kobolds
  A quokka skeleton (D:5)
  6 rats
110 creatures vanquished.

Notes
Turn   | Place    | Note
-------+----------+-------------------------------------------
     0 | D:1      | jiml777 the Gnoll Warper began the quest for the Orb.
     0 | D:1      | Reached XP level 1. HP: 20/20 MP: 6/6
   141 | D:1      | Reached XP level 2. HP: 3/26 MP: 7/7
   142 | D:1      | HP: 1/26 [goblin (2)]
   742 | D:1      | Reached skill level 5 in Spellcasting
   742 | D:1      | Reached XP level 3. HP: 27/31 MP: 7/9
   821 | D:1      | Reached skill level 1 in Invocations
   972 | D:1      | Reached skill level 1 in Short Blades
   972 | D:1      | Reached skill level 1 in Long Blades
   972 | D:1      | Reached skill level 1 in Maces & Flails
   972 | D:1      | Reached skill level 1 in Polearms
   972 | D:1      | Reached skill level 1 in Staves
   972 | D:1      | Reached skill level 1 in Slings
   972 | D:1      | Reached skill level 1 in Bows
   972 | D:1      | Reached skill level 1 in Crossbows
   972 | D:1      | Reached skill level 1 in Stealth
   972 | D:1      | Reached skill level 1 in Shields
   972 | D:1      | Reached skill level 1 in Unarmed Combat
   972 | D:1      | Reached skill level 1 in Evocations
  1209 | D:2      | Reached XP level 4. HP: 37/38 MP: 11/11
  1312 | D:2      | Noticed Sigmund
  1328 | D:2      | Killed Sigmund
  1328 | D:2      | Reached skill level 1 in Conjurations
  1328 | D:2      | Reached skill level 1 in Hexes
  1328 | D:2      | Reached skill level 1 in Summonings
  1328 | D:2      | Reached skill level 1 in Necromancy
  1328 | D:2      | Reached skill level 1 in Transmutations
  1328 | D:2      | Reached skill level 1 in Fire Magic
  1328 | D:2      | Reached skill level 1 in Ice Magic
  1328 | D:2      | Reached skill level 1 in Air Magic
  1328 | D:2      | Reached skill level 1 in Earth Magic
  1328 | D:2      | Reached skill level 1 in Poison Magic
  1328 | D:2      | Reached XP level 5. HP: 27/43 MP: 12/12
  1531 | D:2      | Reached XP level 6. HP: 50/50 MP: 13/13
  1716 | D:2      | Found an ancient bone altar of Kikubaaqudgha.
  2163 | D:3      | Reached skill level 5 in Fighting
  2163 | D:3      | Reached skill level 5 in Axes
  2163 | D:3      | Reached skill level 5 in Dodging
  2411 | D:3      | Learned a level 2 spell: Blink
  2415 | D:3      | Learned a level 3 spell: Teleport Other
  2759 | D:3      | Found a burning altar of Makhleb.
  2759 | D:3      | Noticed an Executioner
  2807 | D:3      | Noticed a hellwing
  2807 | D:3      | Noticed a neqoxec
  3089 | D:3      | Found a sacrificial altar of Ru.
  3089 | D:3      | Found an iron altar of Okawaru.
  3639 | D:4      | Reached XP level 7. HP: 13/56 MP: 15/15
  3959 | D:4      | Found a staircase to the Ecumenical Temple.
  3968 | Temple   | Entered the Ecumenical Temple
  3975 | Temple   | Became a worshipper of Gozag Ym Sagoz the Greedy
  4344 | D:4      | Found a shimmering altar of Xom.
  4348 | D:4      | Found a snail-covered altar of Cheibriados.
  4835 | D:5      | Entered Level 5 of the Dungeon
  4849 | D:5      | Found a white marble altar of Elyvilon.
  4891 | D:5      | Slain by a sky beast

Illustrated notes

Levels and vault maps discovered:
D:1:      dpeg_arrival_snail, layout_rooms
D:2:      layout_loops_ring, lemuel_coloured_pillars_altar, uniq_sigmund
D:3:      layout_basic, makhleb_altar_promises_db,
          gammafunk_temple_overflow_elements
D:4:      layout_loops_corners, grunt_temple_overflow_open,
          minmay_temple_entry_crystal_x, cheibrodos_gnoll_hut
D:5:      layout_rooms, kennysheep_little_box, elyvilon_altar_5
Temple:   compressed_dpeg_triangle_lava_temple

Skill      XL: |  1  2  3  4  5  6  7 |
---------------+----------------------+-----
Spellcasting   | 5 |  5.7
Invocations    | 1 2 3 |  3.0
Short Blades   | 1 2 |  2.7
Long Blades    | 1 2 |  2.7
Maces & Flails | 1 2 |  2.7
Polearms       | 1 2 |  2.7
Staves         | 1 2 |  2.7
Slings         | 1 2 |  2.7
Bows           | 1 2 |  2.7
Crossbows      | 1 2 |  2.7
Stealth        | 1 2 |  2.7
Shields        | 1 2 |  2.7
Unarmed Combat | 1 2 |  2.7
Evocations     | 1 2 |  2.7
Throwing       | 3 |  3.8
Armour         | 3 |  3.8
Conjurations   | 1 2 |  2.2
Hexes          | 1 2 |  2.2
Summonings     | 1 2 |  2.2
Necromancy     | 1 2 |  2.2
Transmutations | 1 2 |  2.2
Fire Magic     | 1 2 |  2.2
Ice Magic      | 1 2 |  2.2
Air Magic      | 1 2 |  2.2
Earth Magic    | 1 2 |  2.2
Poison Magic   | 1 2 |  2.2
Fighting       | 5 |  5.3
Axes           | 5 |  5.3
Dodging        | 5 |  5.3
Translocations | |  5.9

Action                   |  1- 3 |  4- 6 |  7- 9 || total
-------------------------+-------+-------+-------++-------
Melee: Hand axe          |    70 |       |       ||    70
       Bite              |    14 |    20 |    11 ||    45
       Whip              |    31 |    89 |       ||   120
       Punch             |     1 |     2 |     1 ||     4
       Flail             |       |   145 |    83 ||   228
Throw: Javelin           |       |     2 |       ||     2
  Use: Scroll            |       |       |    10 ||    10
       Potion            |       |       |     2 ||     2
 Stab: Sleeping          |       |     4 |       ||     4
Armor: Leather armour    |    35 |    16 |       ||    51
       Ring mail         |       |    85 |    59 ||   144
Dodge: Dodged            |    74 |   230 |    78 ||   382

Table legend: (Time is in decaauts)
 A = Elapsed time spent in this place.
 B = Non-inter-level travel time spent in this place.
 C = Inter-level travel time spent in this place.
 D = Time resting spent in this place.
 E = Time spent auto-exploring this place.
 F = Levels seen in this place.
 G = Mean time per level.
                   A        B        C        D        E       F      G
               +--------+--------+--------+--------+--------+-----+--------+
         Total |   4962 |   4867 |     95 |   1153 |   2137 |   6 |  827.0 |
       Dungeon |   4948 |   4853 |     95 |   1153 |   2137 |   5 |  989.6 |
        Temple |     14 |     14 |      0 |      0 |      0 |   1 |   14.0 |
               +--------+--------+--------+--------+--------+-----+--------+

Top non-repeatable levels by time:
     D:4: 1733 daAuts
     D:1: 1203 daAuts
     D:3: 1021 daAuts
     D:2: 925 daAuts
     D:5: 64 daAuts
  Temple: 14 daAuts
